 Dungeon Crawl Stone Soup version 0.23-a0-169-gb21e695 (webtiles) character file.

85345 grindst0ne the Spry (level 16, -7/110 HPs)
             Began as a Kobold Berserker on Sept 11, 2018.
             Was a High Priest of Trog.
             Killed from afar by a war gargoyle (30 damage)
             ... with a spray of metal splinters
             ... on level 14 of the Dungeon.
             The game lasted 01:01:40 (28220 turns).

grindst0ne the Spry (Kobold Berserker)             Turns: 28220, Time: 01:01:41

Health: -7/110     AC: 19    Str: 27    XL:     16   Next: 30%
Magic:  7/7        EV: 30    Int:  8    God:    Trog [*****.]
Gold:   1545       SH:  7    Dex: 16    Spells: 15/15 levels left

rFire    . . .     SeeInvis .   R - +5 quick blade (antimagic)
rCold    + . .     Gourm    .   o - +0 buckler
rNeg     . . .     Faith    +   a - +0 swamp dragon scales
rPois    +         Spirit   .   L - +2 hat {MR+}
rElec    .         Reflect  .   (no cloak)
rCorr    .         Harm     .   x - +1 pair of gloves
MR       ++++.                  Y - +2 pair of boots {run}
Stlth    +.........             I - amulet of faith
HPRegen  1.28/turn              B - ring "Exan" {rC+ AC+3 Str+7}
MPRegen  0.10/turn              l - +5 ring of evasion

@: berserk cooldown, very slightly contaminated, regenerating, drained, quick
A: small, carnivore
a: Berserk, Trog's Hand, Brothers in Arms, Renounce Religion


You were on level 14 of the Dungeon.
You worshipped Trog.
Trog was extremely pleased with you.
You were very full.

You visited 2 branches of the dungeon, and saw 21 of its levels.
You also visited: Labyrinth and Ossuary.

You collected 1545 gold pieces.

Inventory:

Hand Weapons
 R - a +5 antimagic quick blade (weapon)
Missiles
 J - a throwing net (quivered)
Armour
 a - +0 swamp dragon scales (worn)
 o - a +0 buckler (worn)
 x - a +1 pair of gloves (worn)
 L - a +2 hat of magic resistance (worn)
 Y - a +2 pair of boots of running (worn)
Jewellery
 f - an uncursed ring of poison resistance
 l - a +5 ring of evasion (right hand)
 n - an uncursed ring of protection from fire
 r - an uncursed ring of see invisible
 y - an uncursed ring of resist corrosion
 B - the ring "Exan" (left hand) {rC+ AC+3 Str+7}
   (You found it on level 6 of the Lair of Beasts)

   [ring of protection]

   It affects your AC (+3).
   It affects your strength (+7).
   It protects you from cold.
 I - an amulet of faith (around neck)
 M - the ring "Xicsuic" {Str+2 Slay+4}
   (You found it on level 9 of the Dungeon)

   [ring of slaying]

   It affects your strength (+2).
   It affects your accuracy and damage with ranged weapons and melee attacks
   (+4).
 P - the ring "Dirinn" {MR+ MP+9 Dex+3}
   (You found it on level 9 of the Dungeon)

   [ring of protection from magic]

   It affects your dexterity (+3).
   It affects your resistance to hostile enchantments.
   It affects your magic capacity (+9).
Wands
 e - a wand of iceblast (33)
 g - a wand of flame (40)
 w - a wand of disintegration (2)
 E - a wand of enslavement (29)
 K - a wand of polymorph (30)
 T - a wand of digging (9)
Scrolls
 j - 6 scrolls of blinking
 k - 7 scrolls of amnesia
 m - 3 scrolls of fog
 q - 12 scrolls of teleportation
 t - 6 scrolls of magic mapping
 u - 6 scrolls of enchant armour
 H - 2 scrolls of summoning
 N - 5 scrolls of remove curse
 O - 2 scrolls of enchant weapon
 Q - a scroll of holy word
 V - a scroll of identify
 W - 3 scrolls of fear
Potions
 b - 3 potions of mutation
 d - 2 potions of brilliance
 h - 2 potions of haste
 i - 3 potions of berserk rage
 p - 14 potions of curing
 s - 2 potions of lignification
 v - 4 potions of flight
 z - 2 potions of heal wounds
 A - 3 potions of magic
 C - 4 potions of agility
 D - 2 potions of ambrosia
 G - 2 potions of invisibility
 S - 2 potions of resistance
 U - 3 potions of might
Miscellaneous
 Z - a sack of spiders
Comestibles
 c - 45 rations


   Skills:
 + Level 15.9(14.9) Fighting
 - Level 14.0(12.9) Short Blades
 * Level 7.1(6.2) Armour
 - Level 16.0(14.9) Dodging
 - Level 10.0(9.1) Shields
 - Level 8.0(7.1) Evocations


You had 15 spell levels left.
You didn't know any spells.
Your spell library was empty.

Dungeon Overview and Level Annotations

Branches:
Dungeon (15/15) Temple (0/1) D:5 Lair (6/6) D:11 Swamp (0/4) Lair:3 Spider (0/4) Lair:3 Slime (0/5) Lair:6 Orc (0/2) D:11 Vaults (0/5) D:13 D:14 Depths: D:15

Altars:
Ashenzari
Dithmenos
Gozag
Makhleb
Nemelex Xobeh
Qazlal
Ru
Yredelemnul
The Shining One
Jiyva

Shops:
D:14 [

Annotations:
D:8 4 runed doors
Lair:2 exclusion: downstairs
Lair:3 exclusion: downstairs


Innate Abilities, Weirdness & Mutations

You are small and have problems with some larger weapons.
You are carnivorous and can eat meat at any time.


Message History

You writhe in agony.
* * * LOW HITPOINT WARNING * * *
You feel yourself speed up. The war gargoyle completely misses you.
The war gargoyle misses you.
You see here a robe.
There is a stone staircase leading up here.
The war gargoyle launches metal splinters at you.
The spray of metal splinters hits you!
You climb upwards.
There is a stone staircase leading down, spattered with blood here.
You hit the war gargoyle but do no damage.
The war gargoyle is lightly damaged.
You block the war gargoyle's attack.
Your skin crawls.
You feel resistant to hostile enchantments.
You feel somewhat less full.
The war gargoyle launches metal splinters at you.
The spray of metal splinters hits you!
You die...

.....# ##.(....#.## #....#._.
###..# ##........# #....##..
#..###.........### ##.....##.
#...##...........#####.........
#..................##........##
##^###.....###....>...........##
##.## ##...## ##...........###...
..## ##.## #........#...###.. .##
##...# #@[......##...##.. ..##
##....## ##.9............#.#
...###...#..###.................#
........##...............#.......
#..###.............#....#....##..
#.## ##....#####...##........##..
.## ###..........###...........
## #.<.........###.......... #
#........[..##...........


You could see a war gargoyle.

Vanquished Creatures
  Rupert (Lair:3)
  Gastronok (D:9)
  Kirke (D:14)
  Nessos (D:14)
  An entropy weaver (Lair:4)
  Azrael (D:14)
  A fire dragon (Lair:6)
  11 hydras
  A catoblepas (Lair:4)
  An ogre mage (D:15)
  6 two-headed ogres
  2 centaur warriors
  A queen ant (Lair:4)
  5 death yaks
  A swamp dragon (Lair:6)
  An unseen horror (D:15)
  An orc knight (D:14)
  A deep elf mage (D:13)
  3 cyclopes
  2 ugly things
  A manticore (D:10)
  Psyche (D:9)
  4 black mambas
  A torpor snail (Lair:6)
  A minotaur zombie (Lab)
  10 spiny frogs
  3 gargoyles
  3 komodo dragons
  5 rime drakes
  A rime drake (shapeshifter) (D:9)
  4 trolls
  A merfolk (D:10)
  A jumping spider (Lair:3)
  A hornet (D:11)
  13 polar bears
  7 slime creatures
  Prince Ribbit (D:7)
  12 hippogriffs
  17 blink frogs
  3 raiju (Lair:6)
  3 wyverns
  A wyvern (shapeshifter) (D:13)
  5 shadows
  34 yaks
  Eustachio (D:6)
  2 wraiths
  5 hogs
  16 humans
  4 hungry ghosts
  6 basilisks (Lair:6)
  3 fire elementals (D:14)
  Grum (D:8)
  2 steam dragons (Lair:6)
  6 wargs (Lair:6)
  2 acid dragons
  12 water moccasins
  15 hell hounds
  6 porcupines
  24 soldier ants
  3 swamp drakes
  6 sky beasts
  21 black bears
  6 orc warriors
  7 ice beasts
  3 phantoms
  15 ogres
  31 wolves
  An eye of draining (D:9)
  3 necrophages
  13 centaurs
  2 big kobolds
  9 crocodiles
  A gnoll sergeant (D:7)
  20 bullfrogs
  An earth elemental (Lab)
  A wyvern skeleton (D:9)
  5 scorpions
  4 killer bees (D:11)
  A troll skeleton (Lab)
  7 wights
  4 howler monkeys
  An electric eel (D:11)
  2 bullfrog zombies
  9 hounds
  A quasit (D:7)
  10 crimson imps
  4 jellies
  10 bullfrog skeletons
  8 orc priests
  4 centaur skeletons
  A gnoll shaman (D:7)
  5 iguanas
  29 worker ants
  12 orc wizards
  2 hound zombies
  A hound skeleton (D:5)
  A mummy (Ossuary)
  A worker ant zombie (D:9)
  13 gnolls
  17 adders
  3 shadow imps
  2 oozes
  An adder zombie (D:5)
  An adder skeleton (D:4)
  4 worms
  3 dart slugs (D:1)
  5 leopard geckos
  57 orcs
  3 ball pythons
  5 bats (D:1)
  8 giant cockroaches
  8 hobgoblins
  8 jackals
  3 quokkas
  5 frilled lizards
  5 gnoll skeletons (Ossuary)
  2 gnoll zombies (D:7)
  11 goblins
  20 kobolds
  7 kobold skeletons (Ossuary)
  A leopard gecko skeleton (D:6)
  2 leopard gecko zombies (D:5)
  13 orc skeletons (Ossuary)
  A quokka skeleton (D:8)
  A quokka zombie (D:8)
  10 rats
  A plant (Lair:6)
766 creatures vanquished.

Vanquished Creatures (collateral kills)
  Louise (D:14)
  A minotaur (Lab)
  A hydra (Lair:6)
  2 yaks (Lair:3)
5 creatures vanquished.

Vanquished Creatures (others)
  A yak (D:14)
  A bullfrog (Lair:4)
  2 electric eels (D:12)
  A shadow imp (D:11)
  A bush (Lair:1)
  11 fungi
  19 plants
36 creatures vanquished.

Grand Total: 807 creatures vanquished

Notes
Turn   | Place    | Note
-------+----------+-------------------------------------------
     0 | D:1      | grindst0ne the Kobold Berserker began the quest for the
                  | Orb.
     0 | D:1      | Reached XP level 1. HP: 14/14 MP: 1/1
    75 | D:1      | Reached XP level 2. HP: 13/19 MP: 2/2
   548 | D:1      | Reached XP level 3. HP: 18/24 MP: 3/3
   742 | D:1      | Reached ** piety under Trog
   778 | D:1      | Reached skill level 5 in Short Blades
  1175 | D:2      | HP: 1/24 [poisoned by a gnoll]
  1180 | D:2      | Reached XP level 4. HP: 3/30 MP: 4/4
  1704 | D:2      | Reached XP level 5. HP: 31/34 MP: 5/5
  2120 | D:3      | Reached skill level 5 in Fighting
  2187 | D:3      | Reached XP level 6. HP: 38/40 MP: 6/6
  2303 | D:3      | Found a shattered altar of Ashenzari.
  2616 | D:3      | Found an opulent altar of Gozag.
  2617 | D:3      | Found a sparkling altar of Nemelex Xobeh.
  3337 | D:4      | Noticed a necrophage
  3365 | D:3      | Killed a necrophage
  3365 | D:3      | Reached XP level 7. HP: 46/46 MP: 7/7
  3413 | D:4      | Reached *** piety under Trog
  3635 | D:4      | Reached XP level 8. HP: 51/53 MP: 8/8
  4205 | D:4      | Found a shattered altar of Ashenzari.
  4423 | D:5      | Entered Level 5 of the Dungeon
  4518 | D:5      | Reached skill level 1 in Evocations
  4531 | D:5      | Found a staircase to the Ecumenical Temple.
  4576 | D:5      | Reached skill level 10 in Short Blades
  4591 | D:5      | Reached **** piety under Trog
  4599 | D:5      | Reached XP level 9. HP: 47/60 MP: 10/10
  4605 | D:5      | Found a sand-covered staircase.
  4621 | Ossuary  | Entered an ossuary
  5451 | D:6      | Received a gift from Trog
  6186 | D:6      | Noticed Eustachio
  6223 | D:6      | Reached ***** piety under Trog
  6231 | D:6      | Reached skill level 5 in Evocations
  6242 | D:6      | Killed Eustachio
  6644 | D:7      | Reached XP level 10. HP: 68/68 MP: 14/14
  6705 | D:7      | Reached skill level 10 in Fighting
  6833 | D:7      | Noticed Prince Ribbit
  6841 | D:7      | Killed Prince Ribbit
  7387 | D:7      | Found a basalt altar of Yredelemnul.
  7448 | D:8      | Noticed Grum
  7482 | D:8      | Killed Grum
  7971 | D:8      | Found a huge runed gate.
  7971 | D:8      | Found a huge runed gate.
  7971 | D:8      | Found a huge runed gate.
  7971 | D:8      | Found a huge runed gate.
  7971 | D:8      | Noticed a manticore
  8094 | D:8      | Reached skill level 3 in Dodging
  8232 | D:8      | Reached XP level 11. HP: 74/74 MP: 17/17
  8541 | D:9      | Reached skill level 4 in Dodging
  8746 | D:9      | Found a burning altar of Makhleb.
  8923 | D:9      | Noticed Gastronok
  8944 | D:9      | Killed Gastronok
  8944 | D:9      | Reached skill level 6 in Dodging
  9283 | D:9      | Noticed a cyclops
  9302 | D:9      | Killed a cyclops
  9302 | D:9      | Reached skill level 7 in Dodging
  9326 | D:9      | Received a gift from Trog
  9384 | D:9      | Got a transparent lead ring
  9386 | D:9      | Identified the ring "Dirinn" {MR+ MP+9 Dex+3} (You found it
                  | on level 9 of the Dungeon)
  9399 | D:9      | Got a transparent iron ring
  9400 | D:9      | Noticed a cyclops
  9408 | D:9      | Killed a cyclops
  9410 | D:9      | Got a fine pewter amulet
  9416 | D:9      | Identified the amulet of Midsummer {Inacc rPois} (You found
                  | it on level 9 of the Dungeon)
  9423 | D:9      | Identified the ring of Equilibrium {Ice Str+3 Int+2} (You
                  | found it on level 9 of the Dungeon)
  9543 | D:9      | Got a pitted copper ring
  9545 | D:9      | Identified the ring "Xicsuic" {Str+2 Slay+4} (You found it
                  | on level 9 of the Dungeon)
  9643 | D:9      | Reached skill level 8 in Dodging
  9742 | D:9      | Found a stormy altar of Qazlal.
  9826 | D:9      | Noticed Psyche
  9838 | D:9      | Killed Psyche
  9992 | D:10     | Entered Level 10 of the Dungeon
 10179 | D:10     | Noticed a manticore
 10189 | D:10     | Killed a manticore
 10189 | D:10     | Reached XP level 12. HP: 81/81 MP: 18/18
 10211 | D:10     | Reached skill level 9 in Dodging
 10881 | D:11     | Reached skill level 10 in Dodging
 10927 | D:11     | HP: 5/123 [gargoyle/stone arrow (15)]
 11306 | D:11     | Reached skill level 11 in Dodging
 11385 | D:11     | Found a staircase to the Lair.
 12300 | D:11     | Found a staircase to the Orcish Mines.
 12648 | D:12     | Found a labyrinth entrance.
 12652 | Lab      | Entered a labyrinth
 13385 | Lab      | Noticed a minotaur
 13400 | Lab      | Killed a minotaur
 13400 | Lab      | Reached skill level 12 in Dodging
 13707 | Lab      | Identified a +1 pair of boots of running (You found it in a
                  | labyrinth)
 13747 | D:12     | Noticed a two-headed ogre
 13753 | D:12     | Killed a two-headed ogre
 13899 | D:12     | Reached XP level 13. HP: 56/88 MP: 19/19
 14232 | D:12     | Received a gift from Trog
 14515 | D:12     | Found a sacrificial altar of Ru.
 14525 | D:12     | Reached skill level 13 in Dodging
 14854 | Lair:1   | Entered Level 1 of the Lair of Beasts
 15692 | Lair:2   | Noticed a six-headed hydra
 15706 | Lair:2   | Killed a six-headed hydra
 15822 | Lair:2   | Reached skill level 14 in Dodging
 16973 | Lair:2   | Received a gift from Trog
 16986 | Lair:2   | Noticed an eight-headed hydra
 17014 | Lair:2   | Killed an eight-headed hydra
 17450 | Lair:3   | Noticed Rupert
 17487 | Lair:3   | Found a hole to the Spider Nest.
 17487 | Lair:3   | Noticed a six-headed hydra
 17526 | Lair:2   | Killed a six-headed hydra
 17526 | Lair:2   | Reached skill level 15 in Dodging
 17774 | Lair:3   | Found a staircase to the Swamp.
 17930 | Lair:3   | Killed Rupert
 17936 | Lair:3   | Reached XP level 14. HP: 96/96 MP: 6/20
 18340 | Lair:3   | Reached skill level 16 in Dodging
 18870 | Lair:4   | Reached skill level 1 in Shields
 19274 | Lair:4   | Reached skill level 15 in Fighting
 19663 | Lair:4   | Noticed an entropy weaver
 19888 | Lair:4   | Noticed an entropy weaver
 19909 | Lair:4   | Killed an entropy weaver
 19975 | Lair:4   | Reached skill level 5 in Shields
 20000 | Lair:4   | Reached ****** piety under Trog
 20548 | Lair:5   | Received a gift from Trog
 21175 | Lair:6   | Entered Level 6 of the Lair of Beasts
 21360 | Lair:6   | Received a gift from Trog
 21778 | Lair:6   | Reached XP level 15. HP: 103/103 MP: 7/21
 22250 | Lair:6   | Found a viscous altar of Jiyva.
 22251 | Lair:6   | Found a staircase to the Slime Pits.
 22945 | Lair:6   | Got a heavily runed golden ring
 23046 | Lair:6   | Reached skill level 10 in Shields
 23556 | Lair:6   | Received a gift from Trog
 24541 | D:13     | Found a glowing golden altar of the Shining One.
 24865 | D:13     | Identified the ring "Exan" {rC+ AC+3 Str+7} (You found it
                  | on level 6 of the Lair of Beasts)
 25699 | D:13     | Received a gift from Trog
 26242 | D:14     | Found a gate to the Vaults.
 26267 | D:14     | Reached skill level 5 in Armour
 26525 | D:14     | Found the +15 Maxwell's patent armour {-Cast -Tele rElec
                  | MR+ rCorr}
 26621 | D:14     | Reached XP level 16. HP: 95/108 MP: 7/22
 26793 | D:14     | Found a shadowy altar of Dithmenos.
 26819 | D:14     | Found Fapiq's Antique Armour Shoppe.
 26848 | D:14     | Noticed Nessos
 26876 | D:14     | Killed Nessos
 27501 | D:14     | Noticed Kirke
 27501 | D:14     | Noticed Azrael
 27515 | D:14     | Received a gift from Trog
 27538 | D:14     | Killed Azrael
 27554 | D:14     | Killed Kirke
 27706 | D:15     | Entered Level 15 of the Dungeon
 27777 | D:15     | Noticed Louise
 27812 | D:14     | Killed Louise
 28170 | D:15     | Noticed a tengu reaver
 28220 | D:14     | Killed from afar by a war gargoyle

Vault maps used:
D:1:      dpeg_arrival_more_subterranean_lakeside_camping
D:2:      minmay_crystal_water
D:3:      grunt_temple_overflow_opulence, nicolae_ashenzari_panopticon
D:4:      kennysheep_mini_moat, serial_glass, glass_columns_a, glass_columns_c,
          first_ration, minmay_bisected
D:5:      temple_hall, lightli_ossuary_entry_decrepit_ruins, grunt_ministairs_15
D:6:      hangedman_abyss_or_decor_passed, kennysheep_cluttered_room,
          minivault_26, uniq_eustachio
D:7:      lemuel_zombie_altar_yredelemnul, grunt_ministairs_9,
          uniq_prince_ribbit1
D:8:      lemuel_bear_cage, uniq_grum
D:9:      minmay_the_grid_triangle_9x9_recursive_2,
          lemuel_coloured_pillars_altar, kennysheep_mini, uniq_psyche,
          uniq_gastronok
D:10:     hangedman_fish_farm
D:11:     erik_lair_island, erik_orc_1, kennysheep_generic_room_14
D:12:     lab_entry_generic, basic_altar, minmay_misc_feat_nine_boxes,
          lemuel_freeze_loot_1
D:13:     basic_altar
D:14:     david_vaults_3, serial_shops, nicolae_shop_overgrown_old_shop,
          nicolae_dithmenos_through_a_glass_darkly, uniq_nessos, uniq_kirke,
          uniq_azrael
D:15:     gammafunk_enter_depths_forms, lemuel_statue_altar, minmay_radiant,
          uniq_roxanne, uniq_louise
Lair:1:   wad_woods_06
Lair:3:   beast_lair_carwin_large_3, swamp_mist, spider_nest_entry_a,
          uniq_rupert
Lair:4:   minivault_29
Lair:5:   serial_bayou_shore_a
Lair:6:   guppyfry_lair_end_dragon, hangedman_lair_caniforms_friends,
          slime_altar_1, grunt_megastairs_2
Lab:      labyrinth_hidden_loot, nicolae_lab_blocks, labyrinth_skeletal_remains,
          nicolae_lab_plus, nicolae_lab_arrow, lab_block
Ossuary:  ossuary_due_mausoleum

Skill      XL: |  1  2  3  4  5  6  7  8  9 10 11 12 13 14 15 16 |
---------------+-------------------------------------------------+-----
Fighting       | 4 5 6 7 8 9 11 12 13 14 15 | 15.9
Short Blades   | 5 6 7 8 10 11 13 14 | 14.0
Evocations     | 2 5 8 |  8.0
Dodging        | 3 8 12 15 16 | 16.0
Shields        | 7 10 | 10.0
Armour         | 5 7 |  7.1

Action                   |  1- 3 |  4- 6 |  7- 9 | 10-12 | 13-15 | 16-18 || total
-------------------------+-------+-------+-------+-------+-------+-------++-------
Melee: Short sword       |    75 |       |       |       |       |       ||    75
       Dagger            |    58 |   238 |   466 |  1143 |   451 |       ||  2356
       Unarmed           |       |       |       |    12 |       |       ||    12
       Quick blade       |       |       |       |       |  2228 |   245 ||  2473
Invok: Trog's Hand       |     1 |       |       |     1 |     3 |     2 ||     7
       Berserk           |       |     1 |    14 |    26 |    45 |     5 ||    91
       Brothers in Arms  |       |       |       |     1 |     1 |     1 ||     3
Evoke: Wand              |       |       |       |     6 |    19 |     8 ||    33
       Sack of spiders   |       |       |       |       |     1 |       ||     1
  Use: Potion            |     2 |       |       |     4 |     4 |     1 ||    11
       Scroll            |       |       |    10 |    12 |    11 |     2 ||    35
 Stab: Distracted        |       |       |       |       |     2 |       ||     2
  Eat: Chunk             |     9 |     8 |    22 |    51 |    91 |     9 ||   190
       Ration            |       |       |       |     2 |       |       ||     2
Armor: Animal skin       |    35 |       |       |       |       |       ||    35
       Chain mail        |     2 |    58 |   104 |   202 |       |       ||   366
       Skin              |       |       |       |     6 |    26 |       ||    32
       Acid dragon scale |       |       |       |     6 |   177 |       ||   183
       Swamp dragon scal |       |       |       |       |    16 |    18 ||    34
Dodge: Dodged            |   142 |   120 |   225 |   668 |  1451 |   108 ||  2714
Block: Buckler           |       |       |       |       |   251 |    33 ||   284

Table legend:
 A = Non-vault XP
 B = Vault XP
 C = Vault XP percentage of total XP
 D = Non-vault monster count
 E = Vault monster count
 F = Vault count percentage of total count
                 A         B        C        D         E       F
            +---------+---------+-------+---------+---------+-------
      Total |   71724 |   50198 |  41.2 |     525 |     246 |  31.9
            +---------+---------+-------+---------+---------+-------
        D:1 |      54 |       0 |   0.0 |      31 |       0 |   0.0
        D:2 |     126 |       0 |   0.0 |      28 |       0 |   0.0
        D:3 |     272 |       0 |   0.0 |      27 |       0 |   0.0
        D:4 |     895 |     111 |  11.0 |      31 |       4 |  11.4
        D:5 |     540 |      28 |   4.9 |      18 |       2 |  10.0
        D:6 |    1276 |     202 |  13.7 |      31 |       1 |   3.1
        D:7 |    1360 |     258 |  15.9 |      27 |       3 |  10.0
        D:8 |    1545 |     852 |  35.5 |      24 |       6 |  20.0
        D:9 |    1546 |    4878 |  75.9 |      26 |      11 |  29.7
       D:10 |    1933 |     293 |  13.2 |      27 |       1 |   3.6
       D:11 |    5333 |    1268 |  19.2 |      38 |      23 |  37.7
       D:12 |    3845 |       0 |   0.0 |      26 |       0 |   0.0
       D:13 |    8949 |    2248 |  20.1 |      42 |       8 |  16.0
       D:14 |    5276 |    9975 |  65.4 |      20 |      26 |  56.5
       D:15 |    3639 |       0 |   0.0 |       5 |       0 |   0.0
     Lair:1 |    2374 |       0 |   0.0 |      12 |       0 |   0.0
     Lair:2 |   10369 |       0 |   0.0 |      41 |       0 |   0.0
     Lair:3 |    4114 |    4832 |  54.0 |      22 |      14 |  38.9
     Lair:4 |    5480 |    6129 |  52.8 |      17 |      39 |  69.6
     Lair:5 |    2099 |    1006 |  32.4 |       7 |       2 |  22.2
     Lair:6 |   10699 |   16210 |  60.2 |      25 |      73 |  74.5
        Lab |       0 |    1663 | 100.0 |       0 |       6 | 100.0
    Ossuary |       0 |     245 | 100.0 |       0 |      27 | 100.0
            +---------+---------+-------+---------+---------+-------
